 Dungeon Crawl Stone Soup version bcrawl-1.23 (webtiles) character file.

Game seed: 1359566802014193808

351 Morbidden the Ruffian (level 6, -3/47 (50) HPs)
             Began as a Draconian Transmuter on May 30, 2020.
             Slain by a worker ant (6 damage)
             ... on level 3 of the Dungeon.
             The game lasted 00:05:29 (3413 turns).

Morbidden the Ruffian (Draconian Transmuter)        Turns: 3413, Time: 00:05:30

HP:   -3/47 (50)    AC:  7    Str: 15    XL:     6   Next: 34%
MP:   9/9           EV: 13    Int: 13    God:
Gold: 176           SH:  0    Dex: 11    Spells: 8/9 levels left

rFire    . . .     SeeInvis .     - Unarmed
rCold    . . .     Gourm    +   (no shield)
rNeg     . . .     Faith    .   (armour unavailable)
rPois    .         Spirit   .   (helmet restricted)
rElec    .         Reflect  .   w - +0 cloak
rCorr    .         Harm     .   (no gloves)
MR       .....                  (no boots)
Stlth    +.........             p - amulet of the gourmand
HPRegen  0.15/turn              (no ring)
MPRegen  0.11/turn              (no ring)

@: lethally poisoned (-3 -> -6)
A: unfitting armour, cold-blooded, AC +6
a: no special abilities


You were on level 3 of the Dungeon.
You were hungry.

You visited 1 branch of the dungeon, and saw 4 of its levels.

You collected 176 gold pieces.

Inventory:

Missiles
 a - 218 arrows
 b - 78 tomahawks
 g - 634 stones (quivered)
Armour
 w - a +0 cloak (worn)
Jewellery
 p - an amulet of the gourmand (around neck)
Scrolls
 d - a scroll of amnesia {unknown}
 f - 2 scrolls of identify
 h - a scroll of fog {unknown}
 i - a scroll of fear {unknown}
 q - a scroll of enchant armour {unknown}
 r - a scroll of teleportation {unknown}
 t - a scroll of blinking {unknown}
 u - a scroll of enchant weapon {unknown}
Potions
 c - a potion of lignification
 j - 2 potions of degeneration {unknown}
 k - 2 potions of magic {unknown}
 l - a potion of cancellation {unknown}
 m - 2 potions of heal wounds {unknown}
 n - a potion of mutation {unknown}
 o - 3 potions of curing {unknown}
Comestibles
 e - 6 rations {!d}


   Skills:
 * Level 2.8 Fighting
 + Level 1.6 Throwing
 * Level 3.0 Dodging
 + Level 0.9 Stealth
 + Level 4.5 Unarmed Combat
 + Level 2.2 Spellcasting
 * Level 3.3 Transmutations
   Level 0.3 Evocations


You had 8 spell levels left.
You knew the following spells:

 Your Spells              Type           Power        Failure   Level  Hunger
a - Beastly Appendage     Tmut           ##....       6%          1    ##.....

Your spell library contained the following spells:

 Spells                   Type           Power        Failure   Level  Hunger
 Sticks to Snakes         Tmut           ##......     10%         2    ###....
 Animate Skeleton         Necr           N/A          26%         1    ##.....
 Spider Form              Tmut/Pois      #..          36%         3    ####...
 Mephitic Cloud           Conj/Pois/Air  #.......     58%         3    ####...
 Ice Form                 Ice/Tmut       #.......     77%         4    #####..
 Blade Hands              Tmut           ##........   86%         5    ######.
 Airstrike                Air            #.........   94%         4    #####..
 Lightning Bolt           Conj/Air       #.........   100%        5    ######.


Dungeon Overview and Level Annotations

Branches:
Dungeon (4/12)
 Temple: D:4-7

Altars:
Fedhas
Uskayaw
The Shining One


Innate Abilities, Weirdness & Mutations

Your plain brown scales are hard. (AC +6)
You cannot fit into any form of body armour.
You are cold-blooded and may be slowed by cold attacks.


Message History

The worker ant is severely wounded.
The orc hits you with a +0 falchion.
The orc hits you with a +0 dagger of speed.
The worker ant bites you.
* * * LOW HITPOINT WARNING * * *
You barely miss the worker ant.
The worker ant is severely wounded.
You feel sick.
The orc closely misses you. x2; The worker ant bites you.
* * * LOW HITPOINT WARNING * * *
You hit the worker ant but do no damage.
The worker ant is severely wounded.
The orc barely misses you. The worker ant bites you.
* * * LOW HITPOINT WARNING * * *
The orc hits you but does no damage. x2
No path to travel!
You hit the worker ant.
The worker ant is almost dead.
* * * LOW HITPOINT WARNING * * *
You feel sick. The worker ant bites you.
You die...

####### #.....# #.....#
############## #
#.....#######<....##.....## #
####.##...................# ##
#.##......)............. .#
#.##...ao............... .##
#.##...@..[............. ..###
#.##....o............... ....#
#....................... .##.####
####.................... .##....#
###...##...............
######.####.....).......##.......
.# #......#.#..##############..
.# ###.##...#..# ###.... .#
##.###.....###### ###......


You could see a worker ant and 2 orcs.

Vanquished Creatures
  A necrophage (D:4)
  A phantom (D:4)
  An orc priest (D:4)
  An orc wizard (D:3)
  3 adders
  An ooze (D:4)
  An adder skeleton (D:2)
  6 worms
  A dart slug (D:1)
  3 leopard geckos
  4 orcs
  A bat (D:2)
  4 giant cockroaches
  4 goblins
  10 hobgoblins
  3 quokkas
  A ball python (D:2)
  5 frilled lizards
  10 kobolds
  3 rats
64 creatures vanquished.

Notes
Turn   | Place    | Note
-------+----------+-------------------------------------------
     0 | D:1      | Morbidden the Draconian Transmuter began the quest for the
                  | Orb.
     0 | D:1      | Reached XP level 1. HP: 16/16 MP: 3/3
   376 | D:1      | Reached XP level 2. HP: 23/23 MP: 5/5
  1188 | D:2      | Reached XP level 3. HP: 28/28 MP: 4/6
  1315 | D:2      | Found a hide-covered altar of Uskayaw.
  1813 | D:2      | Reached XP level 4. HP: 30/36 MP: 7/7
  2554 | D:3      | Found a glowing golden altar of the Shining One.
  2769 | D:4      | Noticed a phantom
  2791 | D:4      | Noticed a necrophage
  2810 | D:4      | Killed a necrophage
  2810 | D:4      | Reached skill level 1 in Throwing
  2810 | D:4      | Reached skill level 4 in Unarmed Combat
  2810 | D:4      | Reached XP level 5. HP: 27/39 MP: 8/8
  2862 | D:4      | Killed a phantom
  2862 | D:4      | Reached XP level 6. HP: 16/47 MP: 9/9
  3095 | D:4      | Identified Kearphoub's Handbook of Aerial Sinister Secrets
  3150 | D:4      | Found a blossoming altar of Fedhas.
  3168 | D:4      | Noticed a sky beast
  3413 | D:3      | Slain by a worker ant

Skill      XL: |  1  2  3  4  5  6 |
---------------+-------------------+-----
Dodging        | 2 3 |  3.0
Fighting       | 2 |  2.8
Throwing       | 1 |  1.6
Unarmed Combat | 4 |  4.5
Transmutations | 3 |  3.3
Stealth        | |  0.9
Spellcasting   | |  2.2
Evocations     | |  0.3

Action                   |  1- 3 |  4- 6 || total
-------------------------+-------+-------++-------
Melee: Unarmed           |   146 |   108 ||   254
       Tailslap          |    19 |     7 ||    26
       Kick              |     3 |       ||     3
       Headbutt          |     2 |       ||     2
       Punch             |       |     2 ||     2
Throw: Stone             |    44 |    57 ||   101
 Cast: Beastly Appendage |    10 |       ||    10
Evoke: Wand              |       |     8 ||     8
  Use: Scroll            |       |     1 ||     1
 Stab: Sleeping          |     1 |     1 ||     2
  Eat: Chunk             |     3 |     1 ||     4
       Ration            |       |     1 ||     1
Armor: Skin              |    28 |    29 ||    57
Dodge: Dodged            |    88 |    64 ||   152
